 Dungeon Crawl Stone Soup version 0.25-a0-861-g340c9e8 (webtiles) character file.

Game seed: 6176520508491574922, levelgen mode: deterministic

65 BlueFish the Insei (level 4, -1/28 HPs)
             Began as an Octopode Transmuter on Apr 30, 2020.
             Slain by a frilled lizard (3 damage)
             ... on level 2 of the Dungeon.
             The game lasted 00:02:58 (758 turns).

BlueFish the Insei (Octopode Transmuter)             Turns: 758, Time: 00:02:58

Health: -1/28      AC:  4    Str: 10    XL:     4   Next: 13%
Magic:  1/7        EV: 13    Int: 15    God:
Gold:   66         SH:  0    Dex: 12    Spells: 1/7 levels left

rFire    . . .     SeeInvis .     - Unarmed
rCold    . . .     Gourm    .   (no shield)
rNeg     . . .     Faith    .   (helmet restricted)
rPois    .         Spirit   .   (no amulet)
rElec    .         Reflect  .   d - +3 ring of protection
rCorr    .         Harm     .   (no ring)
MR       .....                  (no ring)
Stlth    ++........             (no ring)
HPRegen  0.09/turn              (no ring)
MPRegen  0.10/turn              (no ring)
                                (no ring)
                                (no ring)

@: lethally poisoned (-1 -> -17), appendage (expiring), very slightly
contaminated, drained
A: almost no armour, stealthy swim, amphibious, 8 rings, constrict 8, tentacle
spike 3, camouflage 1, gelatinous body 1
a: End Transformation


You were on level 2 of the Dungeon.
You were not hungry.
One of your tentacles had a temporary spike.
You visited 1 branch of the dungeon, and saw 2 of its levels.

You collected 66 gold pieces.

Inventory:

Missiles
 a - 10 arrows
Jewellery
 d - a +3 ring of protection (left tentacle)
Scrolls
 g - 2 scrolls of fog {unknown}
 i - a scroll of random uselessness {unknown}
 j - a scroll of amnesia {unknown}
 n - a scroll of fear {unknown}
Potions
 b - a potion of mutation {unknown}
 e - 2 potions of heal wounds {unknown}
 f - 2 potions of curing {unknown}
 h - a potion of degeneration {unknown}
 k - a potion of brilliance {unknown}
 m - a potion of flight {unknown}
Comestibles
 c - 5 rations


   Skills:
 * Level 1.4(0.6) Fighting
 * Level 2.3(1.5) Dodging
 * Level 1.5(0.7) Stealth
 * Level 3.8(3.0) Unarmed Combat
 + Level 2.2(1.4) Spellcasting
 * Level 2.4(1.6) Transmutations
 * Level 0.5(0.0) Poison Magic


You had one spell level left.
You knew the following spells:

 Your Spells              Type           Power        Failure   Level  Hunger
a - Beastly Appendage     Tmut           #.....       12%         1    ##.....
b - Sticks to Snakes      Tmut           #.......     19%         2    ###....
c - Spider Form           Tmut/Pois      #.........   45%         3    ####...

Your spell library contained the following spells:

 Spells                   Type           Power        Failure   Level  Hunger
 Ice Form                 Ice/Tmut       #.......     86%         4    #####..
 Blade Hands              Tmut           #.........   98%         5    ######.


Dungeon Overview and Level Annotations

Branches:
Dungeon (2/15)

Altars:


Innate Abilities, Weirdness & Mutations

You cannot wear most types of armour.
You are very stealthy in the water. (Stealth+)
You are amphibious.
You can wear up to eight rings at the same time.
You can use your tentacles to constrict eight enemies at once.
Your skin changes colour to match your surroundings (Stealth+).
Your rubbery body absorbs attacks. (AC +1, EV +1)
One of your tentacles bears a large vicious spike.


Message History

The orc priest is moderately wounded.
* * * LOW HITPOINT WARNING * * *
You feel sick.
The frilled lizard bites your ball python.
Your ball python dies!
The orc priest casts a cantrip, but nothing happens.
Okay, then.
You tentacle-slap the orc priest. You grab the orc priest.
Your squeeze misses the orc priest.
The orc priest is heavily wounded.
You constrict the orc priest.
* * * LOW HITPOINT WARNING * * *
You feel sick.
You tentacle-slap the orc priest but do no damage.
You squeeze the orc priest!
You kill the orc priest!
You have reached level 4!
* * * LOW HITPOINT WARNING * * *
You feel sick. The frilled lizard bites you.
You die...

###### ###### .....#
#....#
.....########.##.#####
.....'.........<@.[..+
.....###.##...#.lo####
.....# #.##.#...#..o#
.....# #.##...#.###.#
.....###.######.# #.#
+##+#....## ..# #.#
..........# #### #S#
##........# ####o#
......[...##+###..ol#


You could see an orc wizard, an orc and a frilled lizard.

Vanquished Creatures
  An orc priest (D:2)
  Jessica (D:2)
  A goblin (D:1)
  3 hobgoblins
  3 kobolds (D:1)
  A bat (D:1)
10 creatures vanquished.

Vanquished Creatures (collateral kills)
  An orc (D:2)
1 creature vanquished.

Grand Total: 11 creatures vanquished

Notes
Turn   | Place    | Note
-------+----------+-------------------------------------------
     0 | D:1      | BlueFish the Octopode Transmuter began the quest for the
                  | Orb.
     0 | D:1      | Reached XP level 1. HP: 13/13 MP: 3/3
   138 | D:1      | Reached XP level 2. HP: 13/18 MP: 3/5
   519 | D:2      | Noticed Jessica
   524 | D:2      | Killed Jessica
   524 | D:2      | Reached skill level 1 in Stealth
   524 | D:2      | Reached XP level 3. HP: 10/23 MP: 4/6
   530 | D:2      | Learned a level 2 spell: Sticks to Snakes
   534 | D:2      | Learned a level 3 spell: Spider Form
   758 | D:2      | Reached XP level 4. HP: 3/28 MP: 1/7
   758 | D:2      | Slain by a frilled lizard

Levels and vault maps discovered:
D:1:      lightli_arrival_lavapool, layout_rooms
D:2:      minmay_inner_zag, layout_basic, serial_park_tiny_pond,
          grunt_decor_resistance, uniq_jessica

Skill      XL: |  1  2 |
---------------+-------+-----
Stealth        | 1 |  1.5
Fighting       | |  1.4
Dodging        | |  2.3
Unarmed Combat | |  3.8
Spellcasting   | |  2.2
Transmutations | |  2.4
Poison Magic   | |  0.5

Action                   |  1- 3 |  4- 6 || total
-------------------------+-------+-------++-------
Melee: Unarmed           |    20 |       ||    20
       Constrict         |     7 |       ||     7
       Kick              |     6 |       ||     6
       Tentacles         |     3 |       ||     3
 Cast: Beastly Appendage |     5 |       ||     5
       Sticks to Snakes  |     2 |       ||     2
 Stab: Sleeping          |     1 |       ||     1
Armor: Skin              |     1 |       ||     1
Dodge: Dodged            |    12 |       ||    12

Table legend:
 A = Non-vault XP
 B = Vault XP
 C = Vault XP percentage of total XP
 D = Non-vault monster count
 E = Vault monster count
 F = Vault count percentage of total count
                 A         B        C        D         E       F
            +---------+---------+-------+---------+---------+-------
      Total |      56 |      37 |  39.8 |      10 |       1 |   9.1
            +---------+---------+-------+---------+---------+-------
        D:1 |      12 |       0 |   0.0 |       7 |       0 |   0.0
        D:2 |      44 |      37 |  45.7 |       3 |       1 |  25.0
            +---------+---------+-------+---------+---------+-------
